 Dungeon Crawl Stone Soup version 0.14-a0-2100-g3cf34dd (webtiles) character file.

1661657 Restia the Ninja (level 27, 219/271 (291) HPs)
             Began as a Demonspawn Monk on Jan 25, 2014.
             Was a High Priest of Dithmengos.
             Escaped with the Orb
             ... and 4 runes on Jan 26, 2014!
             The game lasted 08:51:11 (134855 turns).

Restia the Ninja (Demonspawn Monk)                Turns: 134855, Time: 08:51:12

HP 219/271 (291) AC 20     Str 18      XL: 27
MP  27/27        EV 35     Int 16 (17) God: Dithmengos [*****.]
Gold 4395        SH 15     Dex 25      Spells:  2 memorised, 22 levels left

rFire  + + +     SeeInvis +     w - +4,+8 short sword of the Lurker {freeze, rN+}
rCold  + . .     Rnd*Rage +     z - +7 fire dragon armour "Shrugepp" {rF++ rC- Str+3 Int+4}
rNeg   + + .     Conserve .     F - +0 buckler of the Orange Skies {+Blink rF+ MR++ Acc+1 SInv}
rPois  .         rCorr    .     y - +2 helmet {SInv}
rElec  .         rRot     .     G - +0 cloak of Wamynaowk {+Rage rC+}
SustAb . .       Spirit   .     (no gloves)
rMut   .         Warding  .     (boots unavailable)
Saprov . . .     Rnd*Tele +     M - amulet of Brafall {Faith Dex+3 Int+1}
MR     ++++.                    i - ring of Pudyimum {rC+ rN+ Acc+4}
                                s - ring of the Octopus King {MP+9 AC+1 EV+1 Str+1 Dex+1 Int+1}

@: repel missiles, wreathed by umbra, incredibly resistant to hostile
enchantments, extraordinarily stealthy
A: talons 3, repulsion field 3, berserk 2, blurry vision 1, clumsy 1,
deterioration 1, dopey 1, low mp 2, nightstalker 3, powered by pain 3, robust 3,
screaming 1, teleportitis 1, weak 1, wild magic 1
a: Shadow Step, Shadow Form, Renounce Religion, Evoke Blink, Evoke Berserk Rage
0: Orb of Zot
}: 4/15 runes: decaying, slimy, abyssal, gossamer


You escaped.
You worshipped Dithmengos.
Dithmengos was extremely pleased with you.
You were full.

You visited 14 branches of the dungeon, and saw 71 of its levels.
You visited the Abyss 1 time.
You visited 2 bazaars.
You also visited: Ice Cave and Wizlab.

You collected 7982 gold pieces.
You spent 3587 gold pieces at shops.

Inventory:

Hand weapons
 a - the cursed +9,+8 short sword "Newtslayer" {drain, Str+2}
   (You bought it in a shop in a bazaar)

   A truly terrible weapon, it drains the life of those it strikes.
   It affects your strength (+2).
   It has a curse placed upon it.
 v - a cursed +4,+7 quick blade of stabbing
 w - the +4,+8 short sword of the Lurker (weapon) {freeze, rN+}
   (You bought it in a shop on level 6 of the Depths)

   It has been specially enchanted to freeze those struck by it, causing extra
   injury to most foes and up to double damage against particularly susceptible
   opponents.
   It can also slow down cold-blooded creatures.
   It protects you from negative energy.
Missiles
 g - 12 stones (quivered)
Armour
 n - a +4 gold dragon armour
 y - a +2 helmet of see invisible (worn)
 z - the +7 fire dragon armour "Shrugepp" (worn) {rF++ rC- Str+3 Int+4}
   (You bought it in a shop on level 4 of the Orcish Mines)

   It affects your strength (+3).
   It affects your intelligence (+4).
   It greatly protects you from fire.
   It makes you vulnerable to cold.
 F - the +0 buckler of the Orange Skies (worn) {+Blink rF+ MR++ Acc+1 SInv}
   (You found it on level 1 of the Elven Halls)

   It affects your accuracy with ranged weapons and melee attacks (+1).
   It protects you from fire.
   It affects your resistance to hostile enchantments.
   It enhances your eyesight.
   It lets you blink.
 G - the +0 cloak of Wamynaowk (worn) {+Rage rC+}
   (You bought it in a shop on level 6 of the Depths)

   It protects you from cold.
   It lets you go berserk.
Magical devices
 m - a wand of digging (9)
 H - a wand of enslavement (10) {unknown}
Comestibles
 P - 9 meat rations
Scrolls
 d - a scroll of enchant weapon I
 k - 2 scrolls of remove curse
 u - 3 scrolls of fear
 x - 2 scrolls of fog
 S - a scroll of teleportation
 X - a scroll of enchant armour
Jewellery
 i - the ring of Pudyimum (right hand) {rC+ rN+ Acc+4}
   (You took it off an orc sorcerer on level 3 of the Elven Halls)

   [ring of positive energy]

   It affects your accuracy with ranged weapons and melee attacks (+4).
   It protects you from cold.
 s - a ring of the Octopus King (left hand) {MP+9 AC+1 EV+1 Str+1 Dex+1 Int+1}
   (You found it on level 3 of the Elven Halls)

   [ring of magical power]

   It affects your AC (+1).
   It affects your evasion (+1).
   It affects your strength (+1).
   It affects your intelligence (+1).
   It affects your dexterity (+1).
 I - an uncursed amulet of the gourmand {unknown}
 M - the amulet of Brafall (around neck) {Faith Dex+3 Int+1}
   (You acquired it on level 14 of the Dungeon)

   [amulet of faith]

   It affects your intelligence (+1).
   It affects your dexterity (+3).
Potions
 f - a potion of berserk rage
 h - 2 potions of lignification
 j - 2 potions of curing
 l - 2 potions of magic
 p - a potion of resistance
 q - 3 potions of brilliance
 t - 2 potions of agility
 A - a potion of flight
 J - a potion of restore abilities


   Skills:
 - Level 20.0 Fighting
 - Level 17.5 Short Blades
 * Level 21.6 Dodging
 O Level 27 Stealth
 - Level 7.7 Shields
 - Level 12.8 Unarmed Combat
 - Level 12.0 Charms


You had 22 spell levels left.
You knew the following spells:

 Your Spells              Type           Power        Failure   Level  Hunger
a - Apportation           Tloc           #.........   92%         1    ##.....
b - Regeneration          Chrm/Necr      ####......   38%         3    ####...


Dungeon Overview and Level Annotations

Branches:
Dungeon (16/16)            Temple (1/1) D:7             Orc (4/4) D:10
    Elf (3/3) Orc:4          Lair (8/8) D:9           Swamp (5/5) Lair:6
 Spider (5/5) Lair:4        Slime (6/6) Lair:7       Vaults (4/5) D:14
  Blade (1/1) Vaults:4       Tomb (2/3) Forest:3        Zot (5/5) Depths:6
 Forest (5/5) Vaults:2     Depths (6/6) D:16

Altars:
Ashenzari
Cheibriados
Dithmengos
Elyvilon
Fedhas
Kikubaaqudgha
Makhleb
Nemelex Xobeh
Okawaru
Sif Muna
Trog
Vehumet
Xom
Yredelemnul
Zin
The Shining One
Beogh
Jiyva
Lugonu

Shops:
D:11 (   D:13 [(   D:14 =   D:16 %   Orc:4 :([(*   Vaults:1 =   Vaults:4 =
Depths:6 (%[*

Portals:
Hell: Depths:1 Depths:2 Depths:3 Depths:4 Depths:5 Depths:6
Abyss: Depths:3 Depths:4 Depths:5
Pandemonium: Depths:3
Ziggurat: Depths:6

Annotations:
D:4 Grinder
Lair:3 exclusion: hydra
Forest:3 exclusion: 2 oklob plants
Depths:2 exclusion: door


Innate Abilities, Weirdness & Mutations

You have claws for feet.
You are surrounded by a strong repulsion field (EV +4, rMsl).
You are completely attuned to the shadows.
You are powered by pain.
You are extremely robust (+30% HP).
You often lose your temper in combat.
Your vision is a little blurry.
You are clumsy. (Dex -2)
Your body is slowly deteriorating.
You are dopey. (Int -2)
Your magical capacity is very low (-20% MP).
You occasionally shout uncontrollably.
Space occasionally distorts in your vicinity.
You are weak. (Str -2)
Your spells are a little harder to cast, but a little more powerful.


Message History

Your skin crawls.
You slash the giant cockroach! You freeze the giant cockroach.
You kill the giant cockroach!
Dithmengos accepts your kill.
Your skin is crawling a little less now.
Your skin stops crawling.
You feel yourself speed up.
Magic restored.
You feel less exhausted.
A lemure comes into view.
The lemure completely misses you. The lemure hits you but does no damage.
The lemure completely misses you. You block the lemure's attack.
The lemure misses you.
You puncture the lemure! You freeze the lemure. You claw the lemure.
You kill the lemure!
Dithmengos accepts your kill.
You open the door.
There is an open door here.
There is a staircase leading out of the dungeon here.
You have escaped!

#.# ### ##.# #.# #.#
##########.##### #.# ..#
#..............# #.# #.#
#..............# #.#
#.#######..####'#####..# #.####
.......##..'........#..####....#
#......##..#........#.....#....#
#.#######..#........#..##......#
#......##..#....@...#..######..#
#####.###..#........#..# #..#
#......#......).#..# #..##
#####..#........+..######...#
#.(#####'####..##.......#
#..............####......
#..............####..(...
#####.###########........ #.##
##### ###.#...#


There were no monsters in sight!

Vanquished Creatures
  the royal jelly (Slime:6)
  2 orbs of fire (Zot:5)
  3 ancient liches (Zot:5)
  2 greater mummies (Tomb:1)
  Saint Roka (Forest:3)
  the Enchantress (Forest:5)
  3 Killer Klowns (Zot:5)
  Mara (Elf:3)
  2 curse toes
  A pandemonium lord (Depths:1)
  Jory (Vaults:2)
  3 electric golems
  Xtahua (Vaults:4)
  Frederick (Forest:1)
  8 golden dragons
  A profane servitor (Depths:5)
  5 bone dragons
  18 tentacled monstrosities
  2 Ice Fiends (Abyss:3)
  25 Orb Guardians
  A Shadow Fiend (Depths:1)
  4 thorn hunters
  2 liches
  4 Executioners (Abyss:3)
  20 acid blobs
  A daeva (Depths:2)
  Rupert (Lair:6)
  2 shadow dragons
  2 deep elf blademasters (Elf:3)
  8 sphinxes
  Norris (Vaults:1)
  4 ancient champions (WizLab)
  A revenant (Abyss:3)
  A deep elf master archer (Elf:3)
  A draconian monk (Depths:6)
  3 draconian knights
  10 fire giants
  Wiglaf (Depths:2)
  3 titans
  A ghoul (Depths:5)
  11 storm dragons
  Donald (Spider:2)
  3 balrugs
  9 frost giants
  2 cacodemons (Abyss:3)
  12 deep elf sorcerers (Elf:3)
  An angel (Depths:2)
  5 emperor scorpions
  4 ghost moths
  15 azure jellies
  A draconian zealot (Zot:5)
  Frances (Depths:3)
  Jorgrun (Forest:4)
  A draconian annihilator (Depths:6)
  2 reapers
  5 spriggan defenders (Forest:5)
  5 ancient bears
  3 green deaths
  An orc warlord (Orc:4)
  Aizul (Spider:3)
  26 stone giants
  8 apis
  8 treants
  3 draconian shifters
  10 vault wardens
  4 elemental wellsprings
  2 pale draconians
  11 deep elf annihilators
  A blizzard demon (Depths:1)
  8 deep elf demonologists
  4 white draconians
  2 purple draconians (Depths:6)
  6 mottled draconians
  4 yellow draconians
  5 black draconians
  8 satyrs
  An unborn (Abyss:3)
  15 spriggan air magi
  An emperor scorpion (shapeshifter) (Depths:3)
  12 death oozes
  2 mummy priests (Tomb:1)
  4 green draconians
  8 dire elephants
  2 fire dragons (shapeshifter)
  19 ettins
  5 deep elf death magi (Elf:3)
  12 death cobs
  22 dancing weapons
  6 ironheart preservers
  26 yaktaur captains
  4 grey draconians
  An ice dragon (shapeshifter) (Depths:3)
  5 red draconians
  20 hydras
  4 deep elf high priests (Elf:3)
  Nessos (Spider:1)
  Josephine (D:14)
  9 alligators
  6 anacondas
  10 ice dragons
  13 fire dragons
  17 spriggan berserkers
  3 spectral elves
  2 spriggan assassins
  4 spriggan enchanters
  3 rakshasas
  2 orc high priests
  7 tengu warriors
  6 wretched stars
  2 naga warriors (Depths:1)
  4 hell knights
  6 thrashing horrors
  5 death yaks (Lair:7)
  24 centaur warriors
  Snorg (Elf:3)
  6 vault guards
  17 deep troll earth magi
  9 dryads
  4 great orbs of eyes
  6 soul eaters
  2 shadow demons
  5 very ugly things
  7 water nymphs
  Erica (Lair:6)
  4 fire crabs
  10 deep troll shamans
  7 ogre magi
  9 sun demons
  The ghost of wuxia the Martial Artist, an experienced DrTm of Makhleb (D:6)
  14 large abominations
  27 skeletal warriors
  3 shadow wraiths
  A spatial maelstrom (Abyss:3)
  A sea snake (Abyss:1)
  A giant orange brain (shapeshifter) (Vaults:4)
  46 fauns
  4 flayed ghosts
  An ice devil (Abyss:3)
  An unseen horror (Vaults:1)
  A cherub (Depths:2)
  4 giant orange brains
  An ice statue (IceCv)
  A hill giant (shapeshifter) (Depths:4)
  17 deep elf knights
  A starcursed mass (Abyss:3)
  2 flaming corpses (Depths:5)
  Pikel (D:5)
  A lindwurm (Lair:8)
  10 ironbrand convokers
  8 giant amoebae
  3 swamp dragons
  A very ugly thing zombie (D:16)
  An unseen horror (shapeshifter) (D:13)
  4 shining eyes
  8 orc sorcerers
  32 wolf spiders
  11 hill giants
  5 wizards
  20 deep elf conjurers
  21 deep trolls
  3 hellions
  A draconian zombie (Abyss:3)
  An oklob plant (D:15)
  19 moths of wrath
  12 red wasps
  6 sixfirhies
  3 necromancers
  An item mimic (Orc:3)
  A black mamba (shapeshifter) (D:14)
  16 deep elf summoners
  4 black mambas
  A spiny frog (shapeshifter) (Depths:1)
  11 iron trolls
  An octopode (shapeshifter) (Depths:1)
  4 phantasmal warriors
  8 orange demons
  12 orc knights
  7 vault sentinels
  2 spiny worms
  4 cyclopes (Vaults:2)
  3 eyes of devastation
  2 tormentors (Abyss:3)
  A yaktaur (shapeshifter) (Depths:1)
  17 spiny frogs
  A black draconian zombie (Zot:2)
  8 spriggan druids
  A feature mimic (Elf:2)
  A yellow draconian zombie (Zot:5)
  A mermaid (shapeshifter) (Vaults:2)
  A hellwing (D:1)
  4 griffons
  9 demonic crawlers
  54 yaktaurs
  5 naga magi
  A formicid venom mage (Spider:1)
  16 jumping spiders
  9 smoke demons
  25 guardian mummies
  14 raiju (Abyss:3)
  4 efreet
  44 giant fireflies
  15 orb spiders
  4 tengu conjurers
  9 komodo dragons
  80 spriggans
  9 thorn lotuses
  8 trolls
  2 red devils (Abyss:3)
  3 ancient zymes
  Sonja (D:14)
  2 giant leeches
  A wolf spider simulacrum (IceCv)
  A queen bee (shapeshifter) (Vaults:3)
  7 bog bodies
  10 elephants
  2 polar bears
  Prince Ribbit (D:4)
  2 jumping spiders (shapeshifter)
  A red wasp zombie (D:14)
  14 two-headed ogres
  A blink frog (shapeshifter) (Vaults:2)
  A brown ooze (shapeshifter) (Depths:1)
  81 slime creatures
  12 blink frogs
  2 griffon zombies
  A komodo dragon (shapeshifter) (Depths:1)
  53 redbacks
  7 baby alligators
  13 deep elf priests
  2 wraiths
  An elf (shapeshifter) (D:14)
  A fire drake (Lair:8)
  7 vampires
  7 boulder beetles
  25 tarantellas
  29 deep elf magi
  17 air elementals
  3 grizzly bears
  6 ynoxinuls
  An ettin skeleton (Tomb:1)
  A tarantella (shapeshifter) (Vaults:1)
  A fire bat (shapeshifter) (Depths:1)
  13 flying skulls
  A redback (shapeshifter) (Depths:3)
  10 water elementals
  4 wyverns
  A deep dwarf death knight (Depths:5)
  An ice dragon skeleton (D:16)
  3 hill giant zombies
  A fire dragon skeleton (D:14)
  A metal gargoyle (Depths:3)
  30 trapdoor spiders
  10 wind drakes
  A formicid (Spider:1)
  39 yaks
  Eustachio (D:10)
  5 neqoxecs
  2 clay golems
  2 hill giant skeletons
  3 shadows
  3 chaos spawn
  7 brown oozes
  10 hippogriffs
  16 golden eyes
  2 hungry ghosts
  A fire elemental (Abyss:3)
  6 sharks
  3 swamp worm simulacra (Swamp:5)
  A spatial vortex (Abyss:3)
  2 elephant slugs
  A wolf (shapeshifter) (Depths:2)
  29 deep elf fighters
  Edmund (D:6)
  39 vampire mosquitoes
  Joseph (Lair:1)
  16 hydra simulacra
  2 basilisks
  A hell hound (Abyss:2)
  A soldier ant (shapeshifter) (Elf:2)
  36 wolves
  7 porcupines
  3 sky beasts
  A manticore (Abyss:1)
  9 swamp drakes
  8 ice beasts
  8 mottled dragons
  57 orc warriors
  11 small abominations
  A soldier ant (D:12)
  21 freezing wraiths
  A giant amoeba simulacrum (D:15)
  4 slaves (D:5)
  5 black bears
  A human zombie (Tomb:1)
  2 nagas (Depths:1)
  14 yellow wasps
  20 ogres
  10 giant goldfish
  An alligator simulacrum (IceCv)
  2 fire dragon simulacra (Depths:3)
  10 tengu
  63 ugly things
  41 centaurs
  16 crocodiles
  40 swamp worms
  2 boring beetles
  22 water moccasins
  2 boring beetles (shapeshifter)
  A deep dwarf (shapeshifter) (Depths:2)
  3 steam dragons (Lair:8)
  6 wargs
  2 brain worms
  11 giant slugs
  3 lava worms (Lair:8)
  23 giant frogs
  8 agate snails
  A manticore zombie (D:14)
  A manticore skeleton (D:11)
  14 insubstantial wisps
  11 troll zombies
  9 jellies
  A hippogriff zombie (D:9)
  An elephant simulacrum (IceCv)
  31 killer bees
  6 electric eels
  5 eyes of draining
  16 wights
  A yak skeleton (D:12)
  10 jellyfish
  A shapeshifter (D:16)
  8 goliath beetles
  A pulsating lump (shapeshifter) (Depths:3)
  A big kobold (D:11)
  A centaur zombie (D:5)
  11 crimson imps
  2 giant frog zombies
  5 draconian simulacra (IceCv)
  38 orc priests
  A gnoll shaman (D:5)
  5 iron imps
  6 big fish
  13 hounds
  A basilisk skeleton (D:14)
  A quasit (Abyss:3)
  38 orc wizards
  15 worker ants
  13 iguanas
  A polar bear simulacrum (IceCv)
  24 spiders
  2 scorpions
  2 troll simulacra (IceCv)
  An iguana (shapeshifter) (Depths:1)
  A killer bee zombie (D:8)
  8 sheep
  A big kobold zombie (D:9)
  4 centaur simulacra (IceCv)
  A crocodile zombie (D:7)
  6 ogre zombies (WizLab)
  15 boggarts
  A crocodile skeleton (D:8)
  2 hound skeletons
  9 mummies (Tomb:1)
  27 adders
  A worker ant zombie (D:5)
  A giant centipede (Lair:3)
  7 gnolls
  59 green rats
  2 lemures
  4 ogre simulacra (IceCv)
  12 white imps (IceCv)
  A steam dragon skeleton (D:7)
  3 giant mites
  5 naga simulacra (IceCv)
  5 swamp drake simulacra (Swamp:5)
  2 worms
  3 ufetubi
  An iguana zombie (D:6)
  11 giant eyeballs
  7 giant geckos
  242 orcs
  3 ball pythons
  29 bats
  16 hobgoblins
  24 jackals
  10 oozes
  12 quokkas
  4 training dummies (D:11)
  5 giant cockroaches
  7 giant newts
  8 giant spores
  A gnoll skeleton (D:6)
  13 goblins
  A hobgoblin skeleton (D:7)
  An illusory rakshasa (Depths:3)
  33 kobolds
  A kobold skeleton (D:7)
  An orc zombie (D:5)
  28 rats
  2 rat skeletons
  71 ballistomycetes
  4 butterflies
  A crawling corpse (Elf:3)
  5 fungi
  4 macabre masses (Abyss:3)
  2 plants
  6 snaplasher vines
3540 creatures vanquished.

Vanquished Creatures (collateral kills)
  A spriggan defender (Forest:5)
  A wind drake (Forest:5)
  A giant frog (Lair:7)
3 creatures vanquished.

Vanquished Creatures (others)
  A pandemonium lord (Depths:1)
  A tentacled starspawn (Abyss:3)
  2 draconian zealots
  An ancient bear (Forest:5)
  A blizzard demon (Abyss:3)
  A yaktaur captain (Depths:5)
  2 spriggan berserkers (Forest:5)
  An ogre mage (D:16)
  A wretched star (Abyss:3)
  An ice devil (Abyss:3)
  A spatial maelstrom (Abyss:3)
  A giant orange brain (Abyss:3)
  An iron troll (Depths:5)
  A deep troll (Depths:5)
  A large abomination (Abyss:3)
  3 sixfirhies
  2 orange demons (Abyss:3)
  2 hellwings (Abyss:3)
  2 spriggans (Forest:5)
  A polar bear (Lair:7)
  A chaos spawn (Abyss:3)
  A neqoxec (Abyss:3)
  19 spatial vortices (Abyss:3)
  2 swamp worms (Swamp:5)
  A sky beast (D:11)
  A deep elf fighter (Elf:2)
  2 orc warriors
  3 small abominations (Abyss:3)
  2 centaurs
  A giant frog (D:11)
  A jelly (D:13)
  A spider (Spider:3)
  An orange rat (Elf:3)
  An orc wizard (Vaults:2)
  2 orange rat skeletons (Abyss:2)
  An ufetubus (Zot:2)
  2 orcs
  15 giant spores
  A lurking horror (Abyss:3)
  7 ballistomycetes (D:11)
  5 fungi
  15 plants
  417 snaplasher vine segments
529 creatures vanquished.

Grand Total: 4072 creatures vanquished

Notes
Turn   | Place    | Note
--------------------------------------------------------------
     0 | D:1      | Restia, the Demonspawn Monk, began the quest for the Orb.
     0 | D:1      | Reached XP level 1. HP: 18/18 MP: 1/1
   666 | D:1      | Gained mutation: You sometimes gain a little power by taking damage. [demonic ancestry]
   666 | D:1      | Reached XP level 2. HP: 24/24 MP: 2/2
   931 | D:1      | Reached skill level 4 in Unarmed Combat
  1372 | D:2      | Reached XP level 3. HP: 10/29 MP: 3/3
  2594 | D:3      | Gained mutation: You have sharp toenails. [demonic ancestry]
  2594 | D:3      | Reached XP level 4. HP: 30/37 MP: 4/4
  2802 | D:3      | Reached skill level 5 in Unarmed Combat
  3235 | D:3      | Reached XP level 5. HP: 40/42 MP: 5/5
  3558 | D:4      | Noticed Grinder
  3560 | D:4      | Paralysed by Grinder for 6 turns
  3607 | D:5      | Entered Level 5 of the Dungeon
  3607 | D:5      | Noticed a slave
  3609 | D:5      | Noticed a slave
  3610 | D:5      | Noticed Pikel
  3628 | D:5      | HP: 2/42 [giant gecko (4)]
  4205 | D:5      | Found a glowing silver altar of Zin.
  4231 | D:5      | Gained mutation: You are slightly more attuned to the shadows. [demonic ancestry]
  4231 | D:5      | Reached XP level 6. HP: 38/49 MP: 6/6
  4547 | D:4      | Reached skill level 6 in Unarmed Combat
  4742 | D:4      | Noticed Prince Ribbit
  4756 | D:4      | Killed Prince Ribbit
  4756 | D:4      | Reached skill level 5 in Fighting
  4756 | D:4      | Gained mutation: You are significantly more attuned to the shadows. [demonic ancestry]
  4756 | D:4      | Reached XP level 7. HP: 50/56 MP: 7/7
  5009 | D:4      | Found a burning altar of Makhleb.
  5539 | D:5      | Reached skill level 7 in Unarmed Combat
  5567 | D:5      | Noticed a slave
  5567 | D:5      | Noticed a slave
  5586 | D:5      | Killed a slave
  5640 | D:5      | Killed a slave
  6052 | D:6      | Noticed Edmund
  6156 | D:6      | Noticed wuxia's ghost (experienced DrTm)
  6947 | D:7      | Found a staircase to the Ecumenical Temple.
  6955 | Temple   | Entered the Ecumenical Temple
  7115 | Temple   | Became a worshipper of Dithmengos
  7115 | Temple   | Acquired Dithmengos' first power
  7165 | D:7      | Gained mutation: You are completely attuned to the shadows. [demonic ancestry]
  7165 | D:7      | Reached XP level 8. HP: 24/64 MP: 8/8
  7501 | D:7      | Reached skill level 8 in Unarmed Combat
  7953 | D:7      | Noticed a spriggan baker
  7961 | D:7      | Killed a spriggan baker
  7961 | D:7      | Reached skill level 9 in Unarmed Combat
  8686 | D:7      | Gained mutation: You are surrounded by a mild repulsion field (EV +2). [demonic ancestry]
  8686 | D:7      | Reached XP level 9. HP: 38/72 MP: 9/9
  9030 | D:8      | Found a roughly hewn altar of Beogh.
  9239 | D:8      | Acquired Dithmengos' second power
  9247 | D:8      | Reached skill level 10 in Unarmed Combat
 10635 | D:9      | Found a staircase to the Lair.
 11011 | D:9      | Reached skill level 11 in Unarmed Combat
 11783 | D:10     | Entered Level 10 of the Dungeon
 11973 | D:10     | Acquired Dithmengos' third power
 11973 | D:10     | Reached XP level 10. HP: 82/82 MP: 10/10
 11990 | D:10     | Noticed Eustachio
 12187 | D:10     | Noticed a hill giant
 12222 | D:10     | Found a staircase to the Orcish Mines.
 13016 | D:10     | Killed Eustachio
 13422 | D:10     | Found a roughly hewn altar of Beogh.
 13537 | Lair:1   | Entered Level 1 of the Lair of Beasts
 13951 | Lair:1   | Reached skill level 12 in Unarmed Combat
 14536 | Lair:1   | Noticed Joseph
 15028 | Lair:1   | Reached skill level 10 in Fighting
 15699 | D:5      | Killed a slave
 15727 | D:5      | Killed Pikel
 15727 | D:5      | Reached skill level 1 in Short Blades
 15738 | D:5      | Killed a freed slave
 15949 | D:6      | Killed Edmund
 16398 | D:6      | Killed wuxia's ghost
 16398 | D:6      | Gained mutation: You have razor-sharp toenails. [demonic ancestry]
 16398 | D:6      | Reached XP level 11. HP: 37/90 MP: 11/11
 17274 | D:11     | Noticed a hill giant
 17431 | D:11     | Found a flickering gateway to a bazaar.
 17438 | Bazaar   | Entered a bazaar
 17440 | Bazaar   | Found Maqiowo's Magic Scroll Shop.
 17443 | Bazaar   | Found Ceulubea's General Store.
 17466 | Bazaar   | Found Cawk's Jewellery Emporium.
 17482 | Bazaar   | Found Prouham's Antique Armour Boutique.
 17504 | Bazaar   | Found Nus Capab's Antique Weapon Emporium.
 17510 | Bazaar   | Bought a slimy short sword for 213 gold pieces
 17515 | Bazaar   | Identified the +9,+8 short sword "Newtslayer" {drain, Str+2} (You bought it in a shop in a bazaar)
 17801 | D:11     | Acquired Dithmengos' fourth power
 17977 | D:11     | Found Boataw's Weapon Boutique.
 18969 | D:11     | Noticed a hill giant
 18973 | D:11     | Killed a hill giant
 18973 | D:11     | Reached skill level 5 in Short Blades
 19068 | D:12     | Noticed a skeletal warrior
 19070 | D:12     | Noticed a skeletal warrior
 19293 | D:12     | Noticed a skeletal warrior
 20340 | Lair:1   | Reached skill level 5 in Stealth
 20570 | Lair:1   | Killed Joseph
 20719 | Lair:2   | Got a dazzling ring mail
 20732 | Lair:2   | Identified the +3 ring mail of Daisies {Stlth} (You found it on level 2 of the Lair of Beasts)
 21416 | Lair:3   | Learned a level 1 spell: Apportation
 22717 | Lair:3   | Noticed a six-headed hydra
 22871 | Lair:3   | Gained mutation: You have claws for feet. [demonic ancestry]
 22871 | Lair:3   | Reached XP level 12. HP: 62/97 MP: 12/12
 23101 | Lair:4   | Noticed a five-headed hydra
 23102 | Lair:4   | Killed a six-headed hydra
 23182 | Lair:4   | Found a hole to the Spider Nest.
 23230 | Lair:4   | Noticed a four-headed hydra
 23235 | Lair:4   | Killed a five-headed hydra
 25873 | Lair:6   | Found a staircase to the Swamp.
 25895 | Lair:6   | Noticed Rupert
 25898 | Lair:6   | Killed Rupert
 25898 | Lair:6   | Reached skill level 10 in Short Blades
 26431 | Lair:6   | Noticed Erica
 26446 | Lair:6   | Killed Erica
 28136 | Lair:7   | Found a viscous altar of Jiyva.
 28137 | Lair:7   | Found a staircase to the Slime Pits.
 28219 | Lair:7   | Found a frozen archway.
 28223 | Lair:7   | Reached XP level 13. HP: 94/103 MP: 13/13
 28224 | Lair:7   | Noticed an ice dragon
 28457 | Lair:7   | Killed an ice dragon
 28466 | IceCv    | Entered an ice cave
 28868 | IceCv    | Identified a cursed +0 rod of the swarm (10/10) (You found it on level 5 of the Lair of Beasts)
 31164 | IceCv    | Found an ancient bone altar of Kikubaaqudgha.
 32459 | Lair:8   | Entered Level 8 of the Lair of Beasts
 32652 | Lair:8   | Found a dark tunnel.
 32872 | Lair:8   | Reached skill level 10 in Stealth
 33852 | Lair:8   | Reached skill level 5 in Dodging
 35550 | Orc:1    | Entered Level 1 of the Orcish Mines
 35874 | Orc:2    | You fall through a shaft!
 35959 | Orc:3    | Found a bloodstained altar of Trog.
 38093 | Orc:4    | Entered Level 4 of the Orcish Mines
 38301 | Orc:4    | Found a roughly hewn altar of Beogh.
 38322 | Orc:4    | Found a roughly hewn altar of Beogh.
 38441 | Orc:4    | Reached XP level 14. HP: 110/110 MP: 14/14
 38449 | Orc:4    | Found a roughly hewn altar of Beogh.
 38838 | Orc:4    | Found Husu's Book Emporium.
 39030 | Orc:4    | Found a roughly hewn altar of Beogh.
 39225 | Orc:4    | Noticed an orc warlord
 39334 | Orc:4    | Found a roughly hewn altar of Beogh.
 39336 | Orc:4    | Found Ewati's Weapon Shop.
 39867 | Orc:4    | Found a staircase to the Elven Halls.
 40319 | Orc:4    | Found Chaskof's Antique Weapon Shop.
 40319 | Orc:4    | Found Strecael's Antique Armour Boutique.
 40319 | Orc:4    | Found a roughly hewn altar of Beogh.
 41216 | Orc:4    | Found Leckoghath's General Store.
 41237 | Orc:4    | Killed an orc warlord
 41739 | Elf:1    | Entered Level 1 of the Elven Halls
 41953 | Elf:1    | Got a faintly humming buckler
 41958 | Elf:1    | Identified the +0 buckler of the Orange Skies {+Blink rF+ MR++ Acc+1 SInv} (You found it on level 1 of the Elven Halls)
 42200 | Elf:1    | Reached skill level 1 in Shields
 43620 | Orc:4    | Bought a shimmering fire dragon armour for 2160 gold pieces
 43637 | Orc:4    | Identified the +7 fire dragon armour "Shrugepp" {rF++ rC- Str+3 Int+4} (You bought it in a shop on level 4 of the Orcish Mines)
 44254 | Elf:2    | Reached skill level 5 in Shields
 45425 | Elf:3    | Entered Level 3 of the Elven Halls
 45595 | D:10     | Killed a hill giant
 46034 | D:12     | Killed a skeletal warrior
 46039 | D:12     | Killed a skeletal warrior
 46052 | D:12     | Noticed a skeletal warrior
 46055 | D:12     | Killed a skeletal warrior
 46063 | D:12     | Killed a skeletal warrior
 46063 | D:12     | Gained mutation: You are surrounded by a moderate repulsion field (EV +3). [demonic ancestry]
 46063 | D:12     | Reached XP level 15. HP: 80/115 MP: 15/15
 46230 | D:13     | Found Ykalai's Armour Shop.
 46562 | D:13     | Found Steba's Antique Weapon Boutique.
 46753 | D:13     | Found a flickering gateway to a bazaar.
 46760 | Bazaar   | Entered a bazaar
 46762 | Bazaar   | Found Meseleo's Antique Armour Boutique.
 46766 | Bazaar   | Found Blam's Armour Boutique.
 46766 | Bazaar   | Found Suicwumore's Magic Scroll Boutique.
 46768 | Bazaar   | Found Qaedewen's General Store.
 47869 | D:14     | Found a gate to the Vaults.
 48085 | D:14     | Got a slimy ring mail
 48101 | D:14     | Identified the +3 ring mail "Fif Sesu" {Str+5 Curse} (You found it on level 14 of the Dungeon)
 48187 | D:14     | Noticed Sonja
 48194 | D:14     | Killed Sonja
 48221 | D:14     | Noticed Josephine
 48243 | D:14     | Killed Josephine
 48422 | D:14     | Found Tic Osar's Jewellery Boutique.
 48802 | D:14     | Identified a scroll of acquirement
 48803 | D:14     | Got a sparkling bronze amulet
 48975 | D:15     | Entered Level 15 of the Dungeon
 49043 | D:15     | Reached skill level 13 in Fighting
 49867 | D:15     | Reached skill level 14 in Fighting
 50154 | D:16     | Entered Level 16 of the Dungeon
 50213 | D:16     | Found a staircase to the Depths.
 50302 | D:16     | Found Cles Ar Echa's Food Shoppe.
 50313 | D:16     | Bought a bread ration for 52 gold pieces
 50313 | D:16     | Bought a bread ration for 52 gold pieces
 50313 | D:16     | Bought a bread ration for 52 gold pieces
 50313 | D:16     | Bought a bread ration for 52 gold pieces
 50331 | D:16     | Found a magical portal.
 50337 | WizLab   | Entered a wizard's laboratory
 50635 | WizLab   | Reached skill level 15 in Fighting
 50721 | WizLab   | Noticed an ancient champion
 50730 | WizLab   | Noticed an ancient champion
 50810 | WizLab   | Killed an ancient champion
 50855 | WizLab   | Killed an ancient champion
 51006 | WizLab   | Noticed an antique lich
 51010 | WizLab   | Noticed an ancient champion
 51013 | WizLab   | Killed an ancient champion
 51013 | WizLab   | Reached skill level 16 in Fighting
 51038 | WizLab   | Noticed a Hell Sentinel
 51110 | WizLab   | Noticed an ancient champion
 51125 | WizLab   | Killed an ancient champion
 51369 | WizLab   | Gained mutation: Your flesh is cold resistant. [potion of mutation]
 51369 | WizLab   | Gained mutation: You can spit poison. [potion of mutation]
 51369 | WizLab   | Gained mutation: You are frail (-10% HP). [potion of mutation]
 51370 | WizLab   | Lost mutation: You can spit poison. [potion of cure mutation]
 51370 | WizLab   | Lost mutation: You are frail (-10% HP). [potion of cure mutation]
 51370 | WizLab   | Lost mutation: Your flesh is cold resistant. [potion of cure mutation]
 51467 | WizLab   | Identified the Compendium of Burning Hexes
 51565 | D:16     | Got a faintly glowing chain mail
 51585 | D:16     | Identified the +2 chain mail "Qinki" {Stlth+} (You found it on level 16 of the Dungeon)
 51892 | D:16     | Gained mutation: You sometimes gain power by taking damage. [demonic ancestry]
 51892 | D:16     | Reached XP level 16. HP: 139/139 MP: 16/16
 52300 | Depths:1 | Entered Level 1 of the Depths
 52406 | Depths:1 | Gained mutation: You are weak. (Str -2) [potion of mutation]
 52406 | Depths:1 | Gained mutation: You heal slowly when monsters are visible. [potion of mutation]
 52407 | Depths:1 | Lost mutation: You heal slowly when monsters are visible. [potion of cure mutation]
 52407 | Depths:1 | Lost mutation: You are weak. (Str -2) [potion of cure mutation]
 52410 | Depths:1 | Gained mutation: You passively map a small area around you. [potion of beneficial mutation]
 52579 | Depths:1 | Reached skill level 17 in Fighting
 53232 | Depths:1 | Noticed a golden dragon
 53242 | Depths:1 | Killed a golden dragon
 54210 | Swamp:1  | Entered Level 1 of the Swamp
 54564 | Swamp:1  | Reached skill level 18 in Fighting
 57407 | Swamp:4  | Reached skill level 19 in Fighting
 57855 | Swamp:5  | Entered Level 5 of the Swamp
 58542 | Swamp:5  | Identified the amulet of Brafall {Faith Dex+3 Int+1} (You acquired it on level 14 of the Dungeon)
 58698 | Swamp:5  | Gained mutation: You are surrounded by a strong repulsion field (EV +4, rMsl). [demonic ancestry]
 58698 | Swamp:5  | Reached XP level 17. HP: 48/153 MP: 14/17
 59015 | Swamp:5  | Got a decaying rune of Zot
 59234 | Spider:1 | Entered Level 1 of the Spider Nest
 60217 | Spider:1 | Noticed Nessos
 60394 | Spider:1 | Killed Nessos
 60584 | Spider:2 | Reached skill level 20 in Fighting
 60615 | Spider:2 | Noticed Donald
 60628 | Spider:2 | Killed Donald
 61946 | Spider:3 | Noticed Aizul
 61963 | Spider:3 | Killed Aizul
 63747 | Spider:5 | Entered Level 5 of the Spider Nest
 64531 | Spider:5 | Reached skill level 10 in Dodging
 65296 | Spider:5 | Got a gossamer rune of Zot
 65639 | Slime:1  | Entered Level 1 of the Pits of Slime
 66554 | Slime:1  | Reached XP level 18. HP: 153/162 MP: 18/18
 67105 | Slime:6  | Entered Level 6 of the Pits of Slime
 67341 | Slime:6  | Reached skill level 15 in Short Blades
 67914 | Slime:6  | Noticed the royal jelly
 67915 | Slime:6  | Found a viscous altar of Jiyva.
 69220 | Elf:3    | Got an ichor-stained chain mail
 69238 | Elf:3    | Identified the cursed +6 chain mail "Mop Ugoac" {Dex+5} (You found it on level 3 of the Elven Halls)
 69733 | Elf:3    | Noticed Mara
 69746 | Elf:3    | Noticed Restia's illusion
 69748 | Elf:3    | Noticed Mara
 69748 | Elf:3    | Noticed Mara
 69756 | Elf:3    | Noticed a deep elf sorcerer
 69771 | Elf:3    | Killed Mara
 69776 | Elf:3    | Noticed a deep elf sorcerer
 69780 | Elf:3    | Killed a deep elf sorcerer
 69783 | Elf:3    | Killed a deep elf sorcerer
 69962 | Elf:3    | Noticed a deep elf sorcerer
 69982 | Elf:3    | Noticed a deep elf master archer
 69984 | Elf:3    | Killed a deep elf sorcerer
 70000 | Elf:3    | Killed a deep elf master archer
 70103 | Elf:3    | Noticed a deep elf sorcerer
 70123 | Elf:3    | Killed a deep elf sorcerer
 70143 | Elf:3    | Noticed a deep elf sorcerer
 70154 | Elf:3    | Killed a deep elf sorcerer
 70180 | Elf:3    | Noticed a deep elf sorcerer
 70195 | Elf:3    | Killed a deep elf sorcerer
 70602 | Elf:3    | Noticed Snorg
 70618 | Elf:3    | Killed Snorg
 70674 | Elf:3    | Noticed a deep elf sorcerer
 70682 | Elf:3    | Killed a deep elf sorcerer
 70691 | Elf:3    | Noticed a deep elf blademaster
 70712 | Elf:3    | Killed a deep elf blademaster
 70777 | Elf:3    | Reached XP level 19. HP: 74/166 MP: 18/18
 71108 | Elf:3    | Noticed a deep elf sorcerer
 71117 | Elf:3    | Killed a deep elf sorcerer
 71280 | Elf:3    | Noticed a deep elf blademaster
 71286 | Elf:3    | Noticed a deep elf sorcerer
 71289 | Elf:3    | Noticed a deep elf sorcerer
 71741 | Elf:3    | Killed a deep elf blademaster
 71877 | Elf:3    | Killed a deep elf sorcerer
 72021 | Elf:3    | Noticed a deep elf sorcerer
 72040 | Elf:3    | Killed a deep elf sorcerer
 72171 | Elf:3    | Noticed a deep elf sorcerer
 72180 | Elf:3    | Killed a deep elf sorcerer
 72203 | Elf:3    | Killed a deep elf sorcerer
 72357 | Elf:3    | Got a scintillating bone ring
 72382 | Elf:3    | Got a ring of the Octopus King
 72405 | Elf:3    | Got a distressingly furry ring mail
 72508 | Elf:3    | Identified a ring of the Octopus King {MP+9 AC+1 EV+1 Str+1 Dex+1 Int+1} (You found it on level 3 of the Elven Halls)
 72511 | Elf:3    | Identified the ring of Pudyimum {rC+ rN+ Acc+4} (You took it off an orc sorcerer on level 3 of the Elven Halls)
 72511 | Elf:3    | Identified the cursed +0 ring mail of Curiosity {+Fly rC++} (You found it on level 3 of the Elven Halls)
 72921 | Vaults:1 | Entered Level 1 of the Vaults
 73037 | Vaults:1 | Found Thriot's Jewellery Shop.
 73298 | Vaults:1 | Noticed Norris
 73455 | Vaults:1 | Killed Norris
 74011 | Vaults:1 | HP: 7/166 [vault warden/great mace (34)]
 74036 | Vaults:1 | Reached skill level 15 in Stealth
 75756 | Vaults:2 | Learned a level 3 spell: Regeneration
 75895 | Vaults:2 | Reached skill level 1 in Charms
 76251 | Vaults:2 | Found a staircase to the Enchanted Forest.
 76267 | Vaults:2 | Noticed Jory
 76268 | Vaults:2 | Found a deep blue altar of Sif Muna.
 76319 | Forest:1 | Entered Level 1 of the Enchanted Forest
 76994 | Forest:1 | Noticed Frederick
 77001 | Forest:1 | Killed Frederick
 78752 | Depths:1 | Gained mutation: You are robust (+10% HP). [demonic ancestry]
 78752 | Depths:1 | Reached XP level 20. HP: 158/190 MP: 19/19
 79809 | Depths:1 | Noticed a titan
 79832 | Depths:1 | Killed a titan
 80094 | Depths:1 | Found a gateway to Hell.
 80237 | Depths:2 | Noticed Wiglaf
 80241 | Depths:2 | Killed Wiglaf
 80241 | Depths:2 | Reached skill level 5 in Charms
 83306 | Depths:3 | Noticed Frances
 83328 | Depths:3 | Killed Frances
 84445 | Depths:3 | Found a one-way gate to the infinite horrors of the Abyss.
 84797 | Depths:3 | Found a one-way gate leading to the halls of Pandemonium.
 85907 | Depths:4 | Gained mutation: You are powered by pain. [demonic ancestry]
 85907 | Depths:4 | Reached XP level 21. HP: 198/198 MP: 20/20
 86087 | Depths:4 | Noticed a golden dragon
 86089 | Depths:4 | Killed a golden dragon
 86214 | Depths:4 | Noticed a golden dragon
 86216 | Depths:4 | Noticed a golden dragon
 86217 | Depths:4 | Killed a golden dragon
 86219 | Depths:4 | Killed a golden dragon
 88780 | Depths:5 | Found a corrupted altar of Lugonu.
 90289 | Depths:5 | Reached skill level 10 in Charms
 90497 | Depths:5 | Found a basalt altar of Yredelemnul.
 90828 | Depths:5 | Paralysed by a giant eyeball for 4 turns
 91519 | Depths:5 | Noticed an ancient lich
 91952 | Depths:6 | Entered Level 6 of the Depths
 92051 | Depths:6 | Found Epin's Food Emporium.
 92237 | Depths:6 | Found a gateway to a ziggurat.
 92731 | Depths:6 | Found Voceaf's Assorted Antiques.
 92737 | Depths:6 | Bought a potion of restore abilities for 126 gold pieces
 92738 | Depths:6 | Bought a pitted short sword for 344 gold pieces
 92740 | Depths:6 | Identified the +4,+8 short sword of the Lurker {freeze, rN+} (You bought it in a shop on level 6 of the Depths)
 92982 | Depths:6 | Found Skos' Antique Armour Boutique.
 92990 | Depths:6 | Bought a faintly humming cloak for 162 gold pieces
 92995 | Depths:6 | Identified the +0 cloak of Wamynaowk {+Rage rC+} (You bought it in a shop on level 6 of the Depths)
 93044 | Depths:6 | Found Uklecs' Weapon Shoppe.
 93452 | Depths:6 | Reached XP level 22. HP: 202/206 MP: 20/20
 94494 | Depths:6 | Found a gate to the Realm of Zot.
 95109 | Depths:2 | Reached skill level 21 in Stealth
 96256 | Vaults:2 | Killed Jory
 96808 | Vaults:2 | Got a bloodstained scale mail
 96825 | Vaults:2 | Identified the +1 scale mail of Bri Lur {rPois Curse} (You found it on level 2 of the Vaults)
 99243 | Vaults:3 | Reached skill level 22 in Stealth
100272 | Vaults:4 | Found a staircase to the Hall of Blades.
100710 | Vaults:4 | Found Laec's Jewellery Emporium.
101566 | Vaults:4 | Noticed Xtahua
101568 | Vaults:4 | Killed Xtahua
101568 | Vaults:4 | Gained mutation: You are very robust (+20% HP). [demonic ancestry]
101568 | Vaults:4 | Reached XP level 23. HP: 206/232 MP: 21/21
101957 | Blade    | Entered the Hall of Blades
103594 | Forest:2 | Upgraded the game from 0.14-a0-2091-gca92d1a to 0.14-a0-2100-g3cf34dd
103788 | Forest:2 | Reached skill level 23 in Stealth
104964 | Forest:2 | Paralysed by a red wasp for 1 turns
104978 | Forest:2 | Paralysed by a red wasp for 1 turns
106211 | Forest:3 | Paralysed by a yellow wasp for 1 turns
107310 | Forest:3 | Noticed Saint Roka
107515 | Forest:3 | Found a staircase to the Tomb.
107882 | Forest:3 | Paralysed by a red wasp for 1 turns
108457 | Forest:3 | Killed Saint Roka
108540 | Forest:3 | Reached skill level 24 in Stealth
108993 | Forest:3 | Reached XP level 24. HP: 241/241 MP: 21/21
110170 | Forest:4 | Noticed Jorgrun
110197 | Forest:4 | Killed Jorgrun
110788 | Forest:5 | Entered Level 5 of the Enchanted Forest
112927 | Forest:5 | Noticed the Enchantress
112970 | Forest:5 | Cast into the Abyss (spriggan defender)
113424 | Abyss:1  | Reached skill level 25 in Stealth
114081 | Abyss:2  | Found a corrupted altar of Lugonu.
114449 | Abyss:2  | Got a warped silver ring
114452 | Abyss:2  | Identified the ring of Crat {rN+ Dex+4} (You found it on level 2 of the Abyss)
114584 | Abyss:3  | Found a corrupted altar of Lugonu.
114845 | Abyss:3  | Got a heavily runed ring mail
115200 | Abyss:3  | Gained mutation: You are dopey. (Int -2) [a neqoxec]
116004 | Abyss:3  | Gained mutation: You are weak. (Str -2) [a cacodemon]
116054 | Abyss:3  | Identified the +0 ring mail "Moicuokk" {Str+4 Dex-4 Int+3 Stlth++} (You found it on level 3 of the Abyss)
116442 | Abyss:3  | Found a corrupted altar of Lugonu.
116998 | Abyss:3  | Reached XP level 25. HP: 249/249 MP: 22/22
117101 | Abyss:3  | Gained mutation: You sometimes yell uncontrollably. [a neqoxec]
117213 | Abyss:3  | Gained mutation: You are clumsy. (Dex -2) [a cacodemon]
117282 | Abyss:3  | Gained mutation: Your spells are a little harder to cast, but a little more powerful. [a neqoxec]
117289 | Abyss:3  | Got an abyssal rune of Zot
117327 | Abyss:3  | Found a corrupted altar of Lugonu.
117406 | Forest:5 | Escaped the Abyss
117426 | Forest:5 | Lost mutation: You passively map a small area around you. [potion of cure mutation]
117426 | Forest:5 | Lost mutation: You are dopey. (Int -2) [potion of cure mutation]
117426 | Forest:5 | Lost mutation: You are weak. (Str -2) [potion of cure mutation]
118336 | Forest:5 | Killed the Enchantress
118336 | Forest:5 | Reached skill level 26 in Stealth
118340 | Forest:5 | Got a faerie dragon armour
118565 | Forest:5 | Identified the +4 faerie dragon armour {Str+1 Dex+2} (You took it off the Enchantress on level 5 of the Enchanted Forest)
118723 | Tomb:1   | Entered Level 1 of the Tomb of the Ancients
120301 | Tomb:1   | Reached skill level 15 in Dodging
121459 | Slime:6  | Killed the royal jelly
122673 | Orc:4    | Bought a wand of digging (13) for 374 gold pieces
123000 | Slime:6  | Got a slimy rune of Zot
123012 | Slime:6  | Got a brightly glowing ring mail
123016 | Slime:6  | Identified the Incunabulum of Spatial Conjuration
123029 | Slime:6  | Got a brightly glowing scale mail
123055 | Slime:6  | Identified the Papyrus of Igneous Talismans
123135 | Slime:6  | Got a heavily runed glass ring
123179 | Slime:6  | Identified the cursed +4 ring mail of the Arcane {Str+4 Dex-1} (You found it on level 6 of the Pits of Slime)
123194 | Slime:6  | Identified the +3 scale mail of Monotheism {Acc+3} (You found it on level 6 of the Pits of Slime)
123214 | Slime:6  | Identified the ring of Qetuso {rC+ SInv} (You found it on level 6 of the Pits of Slime)
124028 | Zot:1    | Entered Level 1 of the Realm of Zot
124461 | Zot:1    | Reached skill level 27 in Stealth
125424 | Zot:2    | Reached XP level 26. HP: 238/241 MP: 22/22
126811 | Zot:5    | Entered Level 5 of the Realm of Zot
126955 | Zot:5    | Noticed an ancient lich
126959 | Zot:5    | Killed an ancient lich
126995 | Zot:5    | Noticed an ancient lich
127000 | Zot:5    | Killed an ancient lich
127027 | Zot:5    | Noticed an orb of fire
127047 | Zot:5    | Noticed an ancient lich
127051 | Zot:5    | Killed an orb of fire
128610 | Zot:5    | Noticed an orb of fire
128903 | Zot:5    | Killed an ancient lich
131318 | Zot:5    | Gained mutation: You are extremely robust (+30% HP). [demonic ancestry]
131318 | Zot:5    | Reached XP level 27. HP: 220/271 MP: 23/23
132548 | Zot:5    | Gained mutation: You tend to lose your temper in combat. [an orb of fire]
133056 | Zot:5    | Gained mutation: You are weak. (Str -2) [an orb of fire]
133063 | Zot:5    | Gained mutation: Your body is slowly deteriorating. [an orb of fire]
133077 | Zot:5    | Gained mutation: Space occasionally distorts in your vicinity. [an orb of fire]
133088 | Zot:5    | Gained mutation: Your vision is a little blurry. [an orb of fire]
133090 | Zot:5    | Gained mutation: Your magical capacity is low (-10% MP). [an orb of fire]
133095 | Zot:5    | Gained mutation: You often lose your temper in combat. [an orb of fire]
133097 | Zot:5    | Gained mutation: You are dopey. (Int -2) [an orb of fire]
133099 | Zot:5    | Gained mutation: Your magical capacity is very low (-20% MP). [an orb of fire]
133122 | Zot:5    | Killed an orb of fire
133199 | Zot:5    | Got the Orb of Zot
133580 | Depths:3 | Noticed Dauh the pandemonium lord
133638 | Depths:2 | Noticed Plueb the pandemonium lord
133662 | Depths:1 | Killed Dauh the pandemonium lord
133866 | Depths:1 | Noticed Psiveos the pandemonium lord
133878 | Depths:1 | HP: 12/271 [Psiveos the pandemonium lord/great blast of cold (22)]
133878 | Depths:1 | Killed Psiveos the pandemonium lord
134855 | D:$      | Escaped with the Orb!

Action                   |  1- 3 |  4- 6 |  7- 9 | 10-12 | 13-15 | 16-18 | 19-21 | 22-24 | 25-27 || total
-------------------------+-------+-------+-------+-------+-------+-------+-------+-------+-------++-------
Melee: Unarmed           |   147 |   157 |   584 |   249 |       |       |       |       |       ||  1137
       Dagger            |     8 |       |       |   206 |       |       |       |       |       ||   214
       Short sword       |       |       |       |   684 |  2134 |  1842 |  2297 |  3410 |  2337 || 12704
       Quick blade       |       |       |       |       |       |       |    92 |    28 |       ||   120
Throw: Stone             |       |       |    15 |    14 |    54 |    39 |    33 |    29 |    39 ||   223
 Cast: Regeneration      |       |       |       |       |       |       |       |    46 |    33 ||    79
Invok: Shadow Step       |       |       |       |     1 |    15 |    12 |    12 |    25 |    18 ||    83
       Shadow Form       |       |       |       |     1 |    12 |     4 |    12 |     5 |     7 ||    41
 Abil: Evoke Blink       |       |       |       |       |       |     1 |       |       |       ||     1
Evoke: Wand              |       |    11 |     5 |       |       |       |       |       |     4 ||    20
  Use: Scroll            |     1 |     7 |     9 |    17 |    15 |    16 |    33 |    15 |     8 ||   121
       Potion            |       |       |     6 |     8 |     5 |    24 |     2 |    10 |     5 ||    60
 Stab: Sleeping          |     3 |     3 |    30 |   132 |   227 |   243 |   145 |   173 |   111 ||  1067
       Distracted        |     1 |       |       |    11 |    33 |     6 |    25 |    45 |    16 ||   137
       Invisible         |       |       |       |     1 |    29 |     6 |     5 |     6 |     6 ||    53
       Fleeing           |       |       |       |       |       |       |       |     1 |       ||     1
